 Dungeon Sprint DCSS version 0.31-a0-986-g5e6e4ef867 (webtiles) character file.

Game seed: 17713502072184188411

54 rocky1 the Insei (level 6, -6/46 HPs)
             Began as an Octopode Shapeshifter on Nov 17, 2023.
             Was an Initiate of Gozag.
             Mangled by an ogre
             ... wielding a +0 giant club
              (37 damage)
             ... in the Dungeon (Sprint VI: "Thunderdome").
             The game lasted 00:02:43 (350 turns).

rocky1 the Insei (Octopode Shapeshifter)             Turns: 350, Time: 00:02:44

Health: -6/46      AC:  1    Str: 13    XL:     6   Next: 11%
Magic:  6/6        EV: 15    Int: 13    God:    Gozag
Gold:   793        SH:  0    Dex: 13    Spells: 5/5 levels left

rFire   . .          .
                       - Unarmed
rCold   . . .        (no shield)
rNeg    . . .        (helmet currently unavailable)
rPois   .            (no amulet)
rElec   .            (no ring)
rCorr   .            (no ring)
SInv    .            (no ring)
Will    .....        (no ring)
Stlth   ++           (no ring)
HPRegen 0.27/turn    (no ring)
MPRegen 0.10/turn    (no ring)
                     (no ring)

%: no teleportation
@: beast-form
A: beast (slay +3), almost no armour, amphibious, 8 rings, camouflage 1,
gelatinous body 1, (nimble swimmer 1), tentacles
a: Begin Untransformation, Renounce Religion, Potion Petition, Call Merchant,
Bribe Branch


You were in the Dungeon.
You worshipped Gozag.
Gozag was pleased with you.
You were a hulking beast.
You visited 1 branch You collected 793 gold pieces.

Inventory:

Talismans
 b - a beast talisman
 c - a flux talisman
Wands
 k - a wand of acid (5)
 l - a wand of roots (3) (quivered)
Scrolls
 i - 4 scrolls of blinking
 m - 3 scrolls of fog
Potions
 a - a potion of lignification
 d - a potion of curing
 e - 3 potions of heal wounds
 f - 4 potions of haste
 g - 2 potions of magic
 h - a potion of berserk rage
 j - a potion of resistance


   Skills:
 + Level 6.0 Fighting
 + Level 6.3 Dodging
 + Level 6.7 Unarmed Combat
 + Level 6.3 Shapeshifting


You had 5 spell levels left.
You didn't know any spells.
Your spell library was empty.

Dungeon Overview and Level Annotations

Branches:
Dungeon (1/1)

Altars:
Cheibriados
Dithmenos
Fedhas
Gozag
Kikubaaqudgha
Makhleb
Okawaru
Qazlal
Ru
Sif Muna
Trog
Uskayaw
Vehumet
Wu Jian
Xom
Yredelemnul
Zin
The Shining One
Lugonu

Shops:
D *[=??*?*:[((!!!!


Innate Abilities, Weirdness & Mutations

You are a hulking beast.
Your limbs bulge with bestial killing power. (Slay +3)
You cannot wear most types of armour.
You are amphibious.
You can wear up to eight rings at the same time.
Your skin changes colour to match your surroundings (Stealth+).
Your rubbery body absorbs attacks. (AC +1, EV +1)
((You are camouflaged when in or above water. (Stealth+)))
You have tentacles for arms and can constrict up to eight enemies at once.


Message History

A water moccasin comes into view.
There is a sacrificial altar of Ru here.
The water moccasin hisses angrily.
You bludgeon the water moccasin! You grab the water moccasin.
You squeeze the water moccasin!
The water moccasin is severely wounded. 5...
You constrict the water moccasin. The water moccasin closely misses you.
The water moccasin bites you.
You bludgeon the water moccasin!
You kill the water moccasin!
Victory!
Score multiplier: 3x You now have 54 arena points (gained 42).
Your Fighting skill increases to level 6!
Your Dodging skill increases to level 6!
Your Unarmed Combat skill increases to level 6!
Your Shapeshifting skill increases to level 6!
You have reached level 6!
You now have 733 gold pieces (gained 72).
You now have 793 gold pieces (gained 60).
Get ready!
ROUND 3!
FIGHT!
You sense a tension in the north.
An ogre comes into view. It is wielding a +0 giant club.
The ogre shouts!
The ogre hits you with a +0 giant club!
You tentacle-slap the ogre.
The ogre is lightly wounded.
You barely miss the ogre.
The ogre is lightly wounded.
The ogre misses you.
You tentacle-slap the ogre. You squeeze the ogre.
The ogre is heavily wounded.
You barely miss the ogre.
The ogre is heavily wounded.
The ogre hits you with a +0 giant club!!!
Ouch! That really hurt!
You die...
Your body crumbles into a pile of gold.

#∩.......∩# #_......._#
#_......._# #_......._#
###.........###
#§...........⌠#
######.8.........8.####
##∩__.......###.......__
###∩....Oh..8.# #.8.......
##.............###.........
#⌠..........###...###......
#⌠..........# #.<.# #......
#⌠..........###...###......
##.............###.........
###∩........8.# #.8.......
##∩.__......###......_._
######.8.........8.####


You could see an ogre.

Vanquished Creatures
  2 water moccasins (D)
  4 adders (D)
  5 ball pythons (D)
11 creatures vanquished.

Notes
Turn   | Place    | Note
-------+----------+-------------------------------------------
     0 | D        | rocky1 the Octopode Shapeshifter began the quest for the
                  | Orb.
     0 | D        | Reached XP level 1. HP: 13/13 MP: 1/1
     4 | D        | Found a glowing golden altar of the Shining One.
     5 | D        | Found a shimmering altar of Xom.
     5 | D        | Found a shimmering blue altar of Sif Muna.
     5 | D        | Round 1.
     6 | D        | Found a snail-covered altar of Cheibriados.
     7 | D        | Found Bemom's Timeless Talismans.
     7 | D        | Found a glowing silver altar of Zin.
     7 | D        | Found Releetafo's Identification Station.
     8 | D        | Found Unomulie's Jewellery.
     8 | D        | Found Beriosy's Advanced Armour.
    17 | D        | Reached XP level 2. HP: 17/19 MP: 2/2
    24 | D        | Found a basalt altar of Yredelemnul.
    25 | D        | Found Asyuh's Magic Scroll Shop.
    27 | D        | Found Liddah's Magic Scroll Shop.
    27 | D        | Found Seogguif's Must-Have Magic.
    28 | D        | Found a corrupted altar of Lugonu.
    28 | D        | Found an ornate altar of the Wu Jian Council.
    28 | D        | Found a blossoming altar of Fedhas.
    28 | D        | Found Feodorenu's Staff Store.
    34 | D        | Found a burning altar of Makhleb.
    36 | D        | Found a shadowy altar of Dithmenos.
    38 | D        | Found Xenasch's Distillery.
    39 | D        | Found a bloodstained altar of Trog.
    39 | D        | Found an ancient bone altar of Kikubaaqudgha.
    39 | D        | Found Itecsoet's Do-It-Yourself Clinic.
    40 | D        | Found Honevveo's Distillery.
    40 | D        | Found Docyre's Bottled Wisdom.
    47 | D        | Found an iron altar of Okawaru.
    49 | D        | Found an opulent altar of Gozag.
    51 | D        | Found a stormy altar of Qazlal.
    53 | D        | Found Teoczari's Weapon Rack.
    55 | D        | Found a radiant altar of Vehumet.
    55 | D        | Found a hide-covered altar of Uskayaw.
    55 | D        | Found a sacrificial altar of Ru.
    55 | D        | Found Taub's Premium Goods.
    56 | D        | Found Lopt's Basic Armour.
    56 | D        | Found Jeoloq's Miscellaneous Merchandise.
    79 | D        | Became a worshipper of Gozag Ym Sagoz the Greedy
   130 | D        | Arena points: 12 (+12) [x2]
   131 | D        | Reached XP level 3. HP: 23/26 MP: 3/3
   196 | D        | Round 2.
   218 | D        | Noticed a water moccasin
   227 | D        | Killed a water moccasin
   228 | D        | Reached skill level 5 in Dodging
   228 | D        | Reached skill level 5 in Unarmed Combat
   228 | D        | Reached skill level 5 in Shapeshifting
   228 | D        | Reached XP level 4. HP: 33/34 MP: 4/4
   228 | D        | Reached XP level 5. HP: 37/38 MP: 5/5
   251 | D        | Reached skill level 5 in Fighting
   316 | D        | Noticed a water moccasin
   322 | D        | Killed a water moccasin
   322 | D        | Arena points: 54 (+42) [x3]
   323 | D        | Reached XP level 6. HP: 41/46 MP: 6/6
   341 | D        | Round 3.
   350 | D        | Mangled by an ogre

Illustrated notes

Levels and vault maps discovered:
D:        arena_sprint

Skill      XL: |  1  2  3  4  5 |
---------------+----------------+-----
Fighting       | 2 3 4 6 |  6.0
Dodging        | 3 5 6 |  6.3
Unarmed Combat | 4 5 6 |  6.7
Shapeshifting  | 4 5 6 |  6.3

Action                     |  1- 3 |  4- 6 || total
---------------------------+-------+-------++-------
  Melee: Unarmed           |    14 |    12 ||    26
         Tentacles         |     3 |     2 ||     5
         Constrict         |     3 |     3 ||     6
         Punch             |       |     1 ||     1
  Evoke: Wand              |     2 |       ||     2
    Use: Potion            |     1 |       ||     1
 Armour: Skin              |     7 |     4 ||    11
  Dodge: Dodged            |    13 |     3 ||    16

Table legend: (Time is in decaauts)
 A = Elapsed time spent in this place.
 B = Non-inter-level travel time spent in this place.
 C = Inter-level travel time spent in this place.
 D = Time resting spent in this place.
 E = Time spent auto-exploring this place.
 F = Levels seen in this place.
 G = Mean time per level.
                   A        B        C        D        E       F      G
               +--------+--------+--------+--------+--------+-----+--------+
         Total |    348 |    348 |      0 |     51 |     31 |   1 |  348.0 |
       Dungeon |    348 |    348 |      0 |     51 |     31 |   1 |  348.0 |
               +--------+--------+--------+--------+--------+-----+--------+

Top non-repeatable levels by time:
       D: 348 daAuts
